 Dungeon Crawl Stone Soup version 0.21-a0-155-gb8a8bae (webtiles) character file.

175 Lunath the Cudgeler (level 5, 0/33 HPs)
             Began as a Gargoyle Gladiator on Aug 3, 2017.
             Was a Follower of Trog.
             Slain by an ice beast (8 damage)
             ... on level 4 of the Dungeon.
             The game lasted 00:04:45 (2307 turns).

Lunath the Cudgeler (Gargoyle Gladiator)            Turns: 2307, Time: 00:04:45

Health: 0/33       AC: 13    Str: 17    XL:     5   Next: 55%
Magic:  5/5        EV:  7    Int:  9    God:    Trog [*.....]
Gold:   276        SH:  0    Dex: 15    Spells: 4/4 levels left

rFire    . . .     SeeInvis .   a - +0 flail
rCold    . . .     Gourm    .   (no shield)
rNeg     + . .     Faith    .   w - +0 chain mail
rPois    ∞         Spirit   .   c - +0 helmet
rElec    +         Reflect  .   (no cloak)
rCorr    .         Harm     .   (no gloves)
MR       .....                  (no boots)
Stlth    ..........             (no amulet)
HPRegen  0.11/turn              j - ring of wizardry
MPRegen  0.09/turn              m - +3 ring of dexterity

@: no status effects
A: negative energy resistance 1, electricity resistance, unbreathing,
petrification resistance, rot immunity, AC +4
a: Berserk, Burn Spellbooks, Renounce Religion


You were on level 4 of the Dungeon.
You worshipped Trog.
Trog was aware of your devotion.
You were not hungry.

You visited 1 branch of the dungeon, and saw 4 of its levels.

You collected 276 gold pieces.

Inventory:

Hand Weapons
 a - a +0 flail (weapon)
Missiles
 d - 3 throwing nets (quivered)
Armour
 c - a +0 helmet (worn)
 w - a +0 chain mail (worn)
Jewellery
 j - a ring of wizardry (left hand)
 m - a +3 ring of dexterity (right hand)
Scrolls
 e - 3 scrolls of magic mapping {unknown}
 g - a scroll of teleportation
 n - a scroll of identify
Potions
 b - 2 potions of flight
 i - a potion of heal wounds {unknown}
 k - a potion of haste {unknown}
 l - a potion of berserk rage {unknown}
 q - 2 potions of brilliance {unknown}
 s - 2 potions of lignification
 t - 2 potions of curing {unknown}
 u - 3 potions of mutation {unknown}
 v - a potion of degeneration {unknown}
 z - 2 potions of magic {unknown}
Comestibles
 f - 4 bread rations
 o - 4 meat rations
 x - a royal jelly


   Skills:
 + Level 3.7 Fighting
 * Level 5.3 Maces & Flails
 - Level 1.7 Throwing
 - Level 2.4 Dodging


You had 4 spell levels left.
You didn't know any spells.

Dungeon Overview and Level Annotations

Branches:
Dungeon (4/15)
 Temple: D:4-7

Altars:
Ashenzari
Gozag
Trog
Vehumet
Xom
Zin


Innate Abilities, Weirdness & Mutations

You are resistant to torment.
Your stone body is resilient. (AC +4)
You are immune to poison.
You resist negative energy. (rN+)
You are resistant to electric shocks. (rElec)
You can survive without breathing.
You are immune to petrification.
You are immune to rotting.


Message History

The ice beast is almost dead.
The ice beast hits you but does no damage.
You hit the ice beast but do no damage.
The ice beast is almost dead.
The ice beast hits you but does no damage.
You closely miss the ice beast.
The ice beast is almost dead.
The ice beast hits you but does no damage.
You barely miss the ice beast.
The ice beast is almost dead.
The ice beast hits you but does no damage.
Press: ? - help, v - describe, . - travel
Here: an ice beast (almost dead)
The floor.
You hit the ice beast but do no damage.
The ice beast is almost dead.
The ice beast hits you.
* * * LOW HITPOINT WARNING * * *
The ice beast freezes you!
You die...

#.# #.#
#.####.#
#?..>..#
#####..#
#######..#
#........#
#.#####..#
#.#####..#
#...Y@...#
#.#####.##
#...
#.##.# ..#
# ###


You could see an ice beast.

Vanquished Creatures
  An orc priest (D:3)
  A worker ant (D:4)
  2 adders
  3 gnolls (D:3)
  3 worms
  4 leopard geckos
  8 orcs (D:3)
  6 bats
  3 giant cockroaches
  5 goblins
  5 hobgoblins
  7 kobolds
  A quokka (D:2)
  A ball python (D:1)
  4 frilled lizards
  A quokka skeleton (D:4)
  4 rats
59 creatures vanquished.

Notes
Turn   | Place    | Note
-------+----------+-------------------------------------------
     0 | D:1      | Lunath the Gargoyle Gladiator began the quest for the Orb.
     0 | D:1      | Reached XP level 1. HP: 12/12 MP: 1/1
   159 | D:1      | Reached XP level 2. HP: 18/18 MP: 2/2
   844 | D:2      | Reached XP level 3. HP: 22/22 MP: 3/3
   900 | D:2      | Noticed an angel
   901 | D:2      | Found a shimmering altar of Xom.
   906 | D:2      | Found a glowing silver altar of Zin.
   969 | D:2      | Reached skill level 4 in Maces & Flails
  1198 | D:3      | Reached XP level 4. HP: 23/28 MP: 4/4
  1208 | D:3      | Found a bloodstained altar of Trog.
  1225 | D:3      | Became a worshipper of Trog the Wrathful
  1427 | D:3      | Reached skill level 5 in Maces & Flails
  1427 | D:3      | Reached XP level 5. HP: 19/32 MP: 5/5
  1528 | D:3      | Found an opulent altar of Gozag.
  2107 | D:4      | Reached * piety under Trog
  2208 | D:4      | Found a radiant altar of Vehumet.
  2209 | D:4      | Found a shattered altar of Ashenzari.
  2278 | D:4      | Noticed an ice beast
  2307 | D:4      | Slain by an ice beast

Vault maps used:
D:1:      roderic_chinese_lattice_arrival
D:2:      grunt_temple_overflow_order_and_chaos_1
D:3:      lemuel_round_altar, nicolae_gozag_seed_capital, first_bread
D:4:      minitemple, serial_shops, shop_fountains

Skill      XL: |  1  2  3  4 |
---------------+-------------+-----
Maces & Flails | 4 5 |  5.3
Fighting       | 3 |  3.7
Throwing       | |  1.7
Dodging        | |  2.4

Action                   |  1- 3 |  4- 6 || total
-------------------------+-------+-------++-------
Melee: Flail             |   109 |   134 ||   243
  Use: Scroll            |       |     6 ||     6
  Eat: Chunk             |     1 |     4 ||     5
Armor: Scale mail        |    59 |    16 ||    75
       Chain mail        |       |    74 ||    74
Dodge: Dodged            |    84 |    69 ||   153
